 Dungeon Crawl Stone Soup version 0.27-a0-1105-g946c659c87 (webtiles) character file.

Game seed: 17530832339581253259

4897 DarkShadow the Carver (level 10, -2/129 HPs)
             Began as a Minotaur Fighter on Apr 29, 2021.
             Was an Initiate of Gozag.
             Killed from afar by a steam dragon (13 damage)
             ... with a ball of steam
             ... on level 9 of the Dungeon.
             The game lasted 00:27:04 (12074 turns).

DarkShadow the Carver (Minotaur Fighter)           Turns: 12074, Time: 00:27:05

Health: -2/129     AC: 29    Str: 30    XL:     10   Next: 26%
Magic:  9/9        EV:  2    Int:  5    God:    Gozag
Gold:   1049       SH: 12    Dex: 10    Spells: 9/9 levels left

rFire    . . .     SeeInvis .   a - +2 long sword
rCold    . . .     Faith    .   c - +0 kite shield
rNeg     + + +     Spirit   .   (armour currently unavailable)
rPois    +         Reflect  .   (helmet currently unavailable)
rElec    .         Harm     .   (cloak currently unavailable)
rCorr    .         Rampage  .   (gloves currently unavailable)
Will     .....     NoTele   +   (boots currently unavailable)
Stlth    +.........             (no amulet)
HPRegen  0.31/turn              i - +6 ring of strength
MPRegen  0.11/turn              y - +4 ring of protection

@: tree-form, marked
A: stationary, stasis, torment immunity, boosted hp, (horns 2), (retaliatory
headbutt)
a: Renounce Religion, Potion Petition, Call Merchant, Bribe Branch


You were on level 9 of the Dungeon.
You worshipped Gozag.
Gozag was most pleased with you.
You were a tree.
You visited 2 branches of the dungeon, and saw 10 of its levels.

You collected 1109 gold pieces.
You paid 60 gold pieces to Gozag.

Inventory:

Hand Weapons
 a - a +2 long sword (weapon)
Missiles
 z - 3 curare-tipped darts (quivered)
Armour
 b - a +0 scale mail
 c - a +0 kite shield (worn)
 j - a +2 pair of boots
 m - a +0 chain mail
 q - the +0 pair of boots of Fortification (melded) {Dex+7}
   (You found it on level 7 of the Dungeon)

   It affects your dexterity (+7).
 u - a +1 cloak (melded)
 v - a +0 plate armour (melded)
Jewellery
 i - a +6 ring of strength (left branch)
 y - a +4 ring of protection (right branch)
Wands
 n - a wand of polymorph (4)
 o - a wand of charming (6)
 r - a wand of acid (9)
Scrolls
 e - 2 scrolls of magic mapping
 h - 2 scrolls of amnesia
 t - a scroll of torment
Potions
 d - a potion of might
 f - a potion of attraction
 k - 3 potions of magic
 l - 2 potions of ambrosia
 w - a potion of invisibility
 x - a potion of berserk rage


   Skills:
 + Level 7.5 Fighting
 + Level 11.1 Long Blades
 + Level 10.4 Armour
 + Level 9.1 Shields


You had 9 spell levels left.
You didn't know any spells.
Your spell library contained the following spells:

 Spells                   Type           Power      Damage    Failure   Level
 Animate Skeleton         Necr           0%         N/A       75%         1
 Apportation              Tloc           0%         N/A       75%         1
 Corona                   Hex            0%         N/A       75%         1
 Sandblast                Erth           0%         2d4       75%         1
 Summon Small Mammal      Summ           0%         N/A       75%         1
 Passwall                 Tmut/Erth      0%         N/A       86%         2
 Confusing Touch          Hex            0%         N/A       98%         3
 Gell's Gravitas          Tloc           0%         N/A       98%         3
 Stone Arrow              Conj/Erth      0%         3d7       98%         3
 Petrify                  Tmut/Erth      0%         N/A       100%        4
 Irradiate                Conj/Tmut      0%         3d13      100%        5
 Lee's Rapid Deconstruct  Erth           0%         3d5*      100%        5
 Metabolic Englaciation   Hex/Ice        0%         N/A       100%        5
 Yara's Violent Unravell  Hex/Tmut       0%         3d3       100%        5
 Blade Hands              Tmut           0%         N/A       100%        6
 Statue Form              Tmut/Erth      0%         N/A       100%        6
 Dragon Form              Tmut           0%         N/A       100%        7


Dungeon Overview and Level Annotations

Branches:
Dungeon (9/15)             Temple (1/1) D:4            Lair (0/6) D:8
    Orc: D:9-12

Altars:
Cheibriados
Dithmenos
Elyvilon
Fedhas
Gozag
Makhleb
Nemelex Xobeh
Okawaru
Qazlal
Ru
Sif Muna
Trog
Uskayaw
Vehumet
Wu Jian
Xom
Yredelemnul
Zin
The Shining One

Shops:
D:1 [

Annotations:
D:5 3 runed translucent doors, EnegeticOcto's ghost, weakling DDDe
D:9 Harold


Innate Abilities, Weirdness & Mutations

You are a tree.
Your roots penetrate the ground, keeping you stationary.
You cannot be teleported.
You are immune to unholy pain and torment.
Your maximum health is greatly increased.
Your equipment is partially melded.
((You have a pair of horns on your head.))
((You reflexively headbutt those who attack you in melee.))


Message History

You barely miss something.
The orc shouts!
The orc hits you but does no damage. Something hits you but does no damage.
The steam dragon breathes steam at you. The ball of steam hits you.
* * * LOW HITPOINT WARNING * * *
The ball of steam hits something!!
Reactivating autopickup.
You block the orc's attack.
You hear a shout!
You slash the steam dragon!
The steam dragon is moderately wounded.
You are engulfed in a cloud of scalding steam.
The orc hits you but does no damage. You block the steam dragon's attack.
The steam dragon claws you but does no damage.
You block the orc's attack.
You hit the steam dragon.
The steam dragon is moderately wounded.
You are engulfed in a cloud of scalding steam.
You block the orc's attack.
The steam dragon bites you but does no damage.
You block the steam dragon's attack. The orc hits you but does no damage.
You slash the steam dragon!
The steam dragon is almost dead.
You are engulfed in a cloud of scalding steam.
The orc hits you but does no damage. You block the steam dragon's attack.
The steam dragon claws you but does no damage.
You block the orc's attack. Something hits you but does no damage.
Deactivating autopickup; reactivate with Ctrl-A.
You closely miss the steam dragon.
The steam dragon is almost dead.
You are engulfed in a cloud of scalding steam.
* * * LOW HITPOINT WARNING * * *
The orc is no longer distracted by gold.
The orc hits you with a +0 flail.
* * * LOW HITPOINT WARNING * * *
The steam dragon breathes steam at you. The ball of steam hits you!
You die...
Your body crumbles into a pile of gold.

.........###
...........#
...# #o#
###..### #.#
#......# #.##
##......###..#
##
.......8.....#
..#
#....)§oo...#
...#
#..8..♣.o8.##
....#
#.....Do...#
.....#
#.....((...#
.....+
#.8...∩...8#
.....#
#..........#
$.(.#
#..........#
...#
#..8...$.8.#
.##
##..........
.#


You could see a steam dragon (catching breath) and 4 orcs.

Vanquished Creatures
  Pikel (D:9)
  Grinder (D:3)
  Prince Ribbit (D:8)
  Sigmund (D:2)
  4 yaks
  Menkaure (D:4)
  Duvessa (D:7)
  A sky beast (D:6)
  An ice beast (D:5)
  3 orc warriors
  2 black bears
  A necrophage (D:7)
  An ogre (D:6)
  A lemure (D:9)
  A phantom (D:6)
  A scorpion (D:6)
  A wyvern zombie (D:6)
  7 bullfrogs
  Dowan (D:7)
  A water moccasin skeleton (D:7)
  6 killer bees (D:9)
  A howler monkey (D:6)
  8 wights
  A bullfrog zombie (D:6)
  2 hounds (D:6)
  A centaur zombie (D:7)
  2 jellies (D:6)
  Crazy Yiuf (D:5)
  A gnoll shaman (D:4)
  5 orc priests
  10 orc wizards
  A killer bee zombie (D:7)
  Robin (D:3)
  6 adders
  5 gnolls (D:4)
  2 white imps
  4 worms
  4 dart slugs
  28 orcs
  10 endoplasms
  6 giant cockroaches
  15 goblins
  11 hobgoblins
  10 jackals
  10 kobolds
  6 quokkas
  6 ball pythons
  3 bats
  8 frilled lizards
  6 rats
212 creatures vanquished.

Vanquished Creatures (others)
  An orc wizard (D:9)
  A fungus (D:5)
  3 plants (D:5)
5 creatures vanquished.

Grand Total: 217 creatures vanquished

Notes
Turn   | Place    | Note
-------+----------+-------------------------------------------
     0 | D:1      | DarkShadow the Minotaur Fighter began the quest for the
                  | Orb.
     0 | D:1      | Reached XP level 1. HP: 19/19 MP: 0/0
   115 | D:1      | Reached XP level 2. HP: 27/27 MP: 1/1
   116 | D:1      | Found Bafunlar's Antique Armour Emporium.
   443 | D:1      | Reached XP level 3. HP: 33/33 MP: 2/2
   579 | D:1      | Found a faded altar of an unknown god.
  1068 | D:2      | Reached skill level 3 in Long Blades
  1626 | D:2      | Reached XP level 4. HP: 40/40 MP: 3/3
  1738 | D:3      | Noticed Grinder
  1756 | D:3      | Killed Grinder
  1757 | D:3      | Reached skill level 4 in Long Blades
  1757 | D:3      | Reached skill level 5 in Armour
  1757 | D:3      | Reached skill level 5 in Shields
  1757 | D:3      | Reached XP level 5. HP: 11/47 MP: 4/4
  1757 | D:3      | Reached XP level 6. HP: 12/53 MP: 5/5
  2006 | D:3      | Noticed Sigmund
  2246 | D:2      | Reached skill level 5 in Long Blades
  2262 | D:2      | Killed Sigmund
  2331 | D:3      | Reached XP level 7. HP: 60/60 MP: 6/6
  2859 | D:3      | Noticed Robin
  2886 | D:3      | Killed Robin
  3371 | D:4      | Found a staircase to the Ecumenical Temple.
  3377 | D:4      | Reached skill level 5 in Fighting
  3392 | Temple   | Entered the Ecumenical Temple
  3487 | Temple   | Became a worshipper of Gozag Ym Sagoz the Greedy
  3937 | D:4      | Noticed Menkaure
  3940 | D:4      | Killed Menkaure
  3941 | D:4      | Reached skill level 6 in Long Blades
  4624 | D:5      | Entered Level 5 of the Dungeon
  4874 | D:5      | Reached skill level 7 in Long Blades
  4874 | D:5      | Reached XP level 8. HP: 51/69 MP: 7/7
  5079 | D:5      | Found a basalt altar of Yredelemnul.
  5079 | D:5      | Found a blossoming altar of Fedhas.
  5141 | D:5      | Found a bloodstained altar of Trog.
  5230 | D:5      | Found a runed translucent door.
  5231 | D:5      | Noticed Crazy Yiuf
  5238 | D:5      | Killed Crazy Yiuf
  5489 | D:5      | Found a runed translucent gate.
  5490 | D:5      | Found a runed translucent gate.
  5491 | D:5      | Found a runed translucent gate.
  5492 | D:5      | Noticed EnegeticOcto's ghost (weakling DDDe)
  6233 | D:6      | Reached skill level 8 in Long Blades
  6862 | D:6      | Reached skill level 9 in Long Blades
  6862 | D:6      | Reached XP level 9. HP: 67/75 MP: 8/8
  9405 | D:7      | Identified the +0 pair of boots of Fortification {Dex+7}
  9848 | D:7      | Noticed Dowan
  9851 | D:7      | Killed Dowan
  9867 | D:7      | Noticed Duvessa
  9873 | D:7      | Killed Duvessa
 10885 | D:7      | Reached skill level 10 in Long Blades
 10972 | D:8      | Noticed Prince Ribbit
 10973 | D:8      | Found a staircase to the Lair.
 10994 | D:8      | Killed Prince Ribbit
 11343 | D:8      | Noticed Harold
 11375 | D:8      | Noticed Pikel
 11383 | D:9      | Reached skill level 10 in Armour
 11570 | D:9      | Found a white marble altar of Elyvilon.
 11586 | D:9      | Reached XP level 10. HP: 86/86 MP: 9/9
 12007 | D:9      | Killed Pikel
 12008 | D:9      | Reached skill level 11 in Long Blades
 12048 | D:9      | Found a flagged portal.
 12074 | D:9      | Killed from afar by a steam dragon

Illustrated notes

Levels and vault maps discovered:
D:1:      elethiomel_arrival_quiet, layout_basic, serial_shops,
          nicolae_shop_crystal, hellmonk_ecumenical_altar_lost_god,
          minmay_tiny_reverse_x
D:2:      layout_basic
D:3:      layout_basic, minmay_statues_item, uniq_robin, uniq_sigmund,
          uniq_grinder
D:4:      minmay_skewed_foursquare, layout_loops_ring, minmay_temple_entry_mist,
          uniq_menkaure
D:5:      layout_loops_corners, gammafunk_temple_overflow_statue,
          general_overflow_altar, gammafunk_ghost_nasty_kobolds,
          uniq_crazy_yiuf_cottage
D:6:      layout_loops_ring, kennysheep_opposing_triangles
D:7:      layout_rooms, serial_co_window_serial, co_window_corner_a,
          co_window_paths_a, co_window_corner_a, co_window_corner_a,
          co_window_of_opportunity_a, co_window_corner_cb,
          co_window_unsneaky_path_b, co_window_corner_cb,
          co_window_of_opportunity_b, co_window_corner_b, co_window_4corner_b,
          co_window_paths_d, hangedman_decor_diamond_cutter, uniq_duvessa
D:8:      layout_gridville, lemuel_round_altar, lair_entry_dummy, uniq_pikel,
          uniq_harold, uniq_prince_ribbit1
D:9:      layout_roguey, lemuel_doored_altar, elyvilon_altar_4, enter_bailey_6
Temple:   eino_temple_rhombus

Skill      XL: |  1  2  3  4  5  6  7  8  9 10 |
---------------+-------------------------------+-----
Fighting       | 4 5 6 7 |  7.5
Armour         | 4 5 6 8 10 | 10.4
Shields        | 4 5 6 7 8 9 |  9.1
Long Blades    | 3 4 5 7 9 10 11 | 11.1

Action                   |  1- 3 |  4- 6 |  7- 9 | 10-12 || total
-------------------------+-------+-------+-------+-------++-------
Melee: Long sword        |    99 |    48 |   348 |    53 ||   548
       Headbutt          |    12 |    10 |    93 |    17 ||   132
  Use: Scroll            |     2 |     1 |    19 |     1 ||    23
       Potion            |       |     1 |     2 |     2 ||     5
 Stab: Distracted        |       |       |     3 |     1 ||     4
Armor: Scale mail        |    42 |       |       |       ||    42
       Chain mail        |     2 |    33 |   170 |     6 ||   211
       Plate armour      |       |       |       |    38 ||    38
       Skin              |       |       |       |    16 ||    16
Dodge: Dodged            |    38 |     8 |    91 |    17 ||   154
Block: Kite shield       |    54 |    34 |   201 |    50 ||   339
       Rpst.: Long sword |     9 |     2 |    25 |     7 ||    43

Table legend: (Time is in decaauts)
 A = Elapsed time spent in this place.
 B = Non-inter-level travel time spent in this place.
 C = Inter-level travel time spent in this place.
 D = Time resting spent in this place.
 E = Time spent auto-exploring this place.
 F = Levels seen in this place.
 G = Mean time per level.
                   A        B        C        D        E       F      G
               +--------+--------+--------+--------+--------+-----+--------+
         Total |  12214 |  12047 |    167 |   4104 |   5894 |  10 | 1221.4 |
       Dungeon |  12106 |  11958 |    148 |   4104 |   5808 |   9 | 1345.1 |
        Temple |    107 |     88 |     19 |      0 |     86 |   1 |  107.0 |
               +--------+--------+--------+--------+--------+-----+--------+

Top non-repeatable levels by time:
     D:6: 3396 daAuts
     D:7: 1618 daAuts
     D:3: 1388 daAuts
     D:5: 1285 daAuts
     D:4: 1172 daAuts
     D:2: 1079 daAuts
     D:1: 988 daAuts
     D:9: 675 daAuts
     D:8: 501 daAuts
  Temple: 107 daAuts
